NCAA
RUTGERS SCARLET KNIGHTS @ CALIFORNIA GOLDEN BEARS
05/13/2023
 
TOP OF THE 1ST
Rutgers Scarlet Knights batting - Pitching for California Golden Bears : RHP Pedro Hernández
Pitching: RHP Pedro Hernández
Batting: RHB Ed Ward 0-0: Swinging Strike
0-1: Bunted foul
0-2: DOUBLE (Line Drive, 4MD)
Batting: RHB Buddy Brown 0-0: Swinging Strike
0-1: Called Strike
0-2: Strikes out looking
Batting: RHB Jeremy Clark 0-0: Swinging Strike
0-1: SINGLE (Line Drive, 56D)
Ed Ward to third
Runner from 3rd tries for Home, SAFE, no throw or cutoff
Batting: SHB William Daly 0-0: Called Strike
Jeremy Clark steals 2nd base
0-1: Reached on Error, E6 (Line Drive, 6)
Jeremy Clark to third
Batting: LHB Bob Dunham 0-0: Ball
William Daly steals 2nd base
1-0: Swinging Strike
1-1: Foul Ball, location: 2F
1-2: Strikes out swinging
Batting: RHB John Patterson 0-0: Ball
1-0: Foul Ball, location: 2F
1-1: Fly out, F8 (Flyball, 8RM)
Top of the 1st over - 1 run(s), 2 hit(s), 1 error(s), 2 left on base; Rutgers 1 - California 0
BOTTOM OF THE 1ST
California Golden Bears batting - Pitching for Rutgers Scarlet Knights : LHP Jason Simpson
Pitching: LHP Jason Simpson
Batting: LHB António Costa 0-0: Ball
1-0: Called Strike
1-1: Called Strike
1-2: Ball
2-2: SOLO HOME RUN (Flyball, 9D), Distance : 367 ft
Batting: RHB Júlio López 0-0: Ground out 1-3 (Groundball, 13)
Batting: LHB Sergio Fernández 0-0: Called Strike
0-1: Called Strike
0-2: Strikes out looking
Batting: SHB Chris Woods 0-0: Foul Ball, location: 2F
0-1: Called Strike
0-2: Ground out U3 (Groundball, 3S)
Bottom of the 1st over - 1 run(s), 1 hit(s), 0 error(s), 0 left on base; Rutgers 1 - California 1
TOP OF THE 2ND
Rutgers Scarlet Knights batting - Pitching for California Golden Bears : RHP Pedro Hernández
Batting: RHB Darren Steele 0-0: Ball
1-0: Swinging Strike
1-1: Ball
2-1: Ground out 6-3 (Groundball, 6M)
Batting: RHB Chris Vásquez 0-0: SINGLE (Line Drive, 7S)
Batting: RHB Dave Pierce 0-0: Called Strike
0-1: Swinging Strike
0-2: Ball
1-2: Strikes out swinging
Batting: RHB Ed Ward 0-0: Called Strike
0-1: Ball
1-1: Ball
2-1: Foul Ball, location: 2F
2-2: Strikes out looking
Top of the 2nd over - 0 run(s), 1 hit(s), 0 error(s), 1 left on base; Rutgers 1 - California 1
BOTTOM OF THE 2ND
California Golden Bears batting - Pitching for Rutgers Scarlet Knights : LHP Jason Simpson
Batting: RHB Albert Alemán 0-0: Called Strike
0-1: Foul Ball, location: 2F
0-2: Strikes out swinging
Batting: RHB Dave Smith 0-0: Swinging Strike
0-1: Ball
1-1: Foul Ball, location: 2F
1-2: Ball
2-2: Foul Ball, location: 2F
2-2: Foul Ball, location: 2F
2-2: Ball
3-2: Foul Ball, location: 2F
3-2: Strikes out swinging
Batting: LHB Noah Gillespie 0-0: Called Strike
0-1: SINGLE (Line Drive, 89S)
Batting: SHB Jeff McGill 0-0: Called Strike
0-1: Swinging Strike
0-2: Strikes out swinging
Bottom of the 2nd over - 0 run(s), 1 hit(s), 0 error(s), 1 left on base; Rutgers 1 - California 1
TOP OF THE 3RD
Rutgers Scarlet Knights batting - Pitching for California Golden Bears : RHP Pedro Hernández
Batting: RHB Buddy Brown 0-0: Fly out, F8 (Line Drive, 8LS)
Batting: RHB Jeremy Clark 0-0: Ball
1-0: Fly out, F9 (Flyball, 89S)
Batting: SHB William Daly 0-0: Called Strike
0-1: Swinging Strike
0-2: Ball
1-2: Foul Ball, location: 2F
1-2: Ball
2-2: Strikes out looking
Top of the 3rd over - 0 run(s), 0 hit(s), 0 error(s), 0 left on base; Rutgers 1 - California 1
BOTTOM OF THE 3RD
California Golden Bears batting - Pitching for Rutgers Scarlet Knights : LHP Jason Simpson
Batting: RHB John Mason 0-0: Called Strike
0-1: Swinging Strike
0-2: Strikes out looking
Batting: LHB António Costa 0-0: Called Strike
0-1: Foul Ball, location: 2F
0-2: Ball
1-2: Ball
2-2: Strikes out looking
Batting: RHB Júlio López 0-0: Fly out, F8 (Flyball, 8RM)
Bottom of the 3rd over - 0 run(s), 0 hit(s), 0 error(s), 0 left on base; Rutgers 1 - California 1
TOP OF THE 4TH
Rutgers Scarlet Knights batting - Pitching for California Golden Bears : RHP Pedro Hernández
Batting: LHB Bob Dunham 0-0: Called Strike
0-1: Foul Ball, location: 2F
0-2: Strikes out looking
Batting: RHB John Patterson 0-0: Swinging Strike
0-1: Swinging Strike
0-2: Ball
1-2: Ball
2-2: DOUBLE (Flyball, 78XD)
Batting: RHB Darren Steele 0-0: Called Strike
0-1: Ball
1-1: Fly out, F7 (Flyball, 78M)
Batting: RHB Chris Vásquez 0-0: Called Strike
0-1: Called Strike
0-2: Strikes out swinging
Top of the 4th over - 0 run(s), 1 hit(s), 0 error(s), 1 left on base; Rutgers 1 - California 1
BOTTOM OF THE 4TH
California Golden Bears batting - Pitching for Rutgers Scarlet Knights : LHP Jason Simpson
Batting: LHB Sergio Fernández 0-0: Called Strike
0-1: Ball
1-1: Swinging Strike
1-2: Ground out 1-3 (Groundball, 23)
Batting: SHB Chris Woods 0-0: Ground out 4-3 (Groundball, 4)
Batting: RHB Albert Alemán 0-0: Ball
1-0: SINGLE (Line Drive, 56)
Batting: RHB Dave Smith 0-0: Ball
1-0: Ball
2-0: Ball
3-0: Called Strike
3-1: Called Strike
3-2: Base on Balls
Albert Alemán to second
Batting: LHB Noah Gillespie 0-0: Called Strike
0-1: Called Strike
0-2: Ball
1-2: Strikes out looking
Bottom of the 4th over - 0 run(s), 1 hit(s), 0 error(s), 2 left on base; Rutgers 1 - California 1
TOP OF THE 5TH
Rutgers Scarlet Knights batting - Pitching for California Golden Bears : RHP Pedro Hernández
Batting: RHB Dave Pierce 0-0: Called Strike
0-1: Foul Ball, location: 2F
0-2: Fly out, F1 (Line Drive, 13)
Batting: RHB Ed Ward 0-0: Called Strike
0-1: Swinging Strike
0-2: Ball
1-2: Foul Ball, location: 2F
1-2: Strikes out swinging
Batting: RHB Buddy Brown 0-0: SINGLE (Groundball, 4MD)
Batting: RHB Jeremy Clark 0-0: Ball
Wild Pitch!
Buddy Brown to second
1-0: Called Strike
1-1: Swinging Strike
1-2: Strikes out swinging
Top of the 5th over - 0 run(s), 1 hit(s), 0 error(s), 1 left on base; Rutgers 1 - California 1
BOTTOM OF THE 5TH
California Golden Bears batting - Pitching for Rutgers Scarlet Knights : LHP Jason Simpson
Batting: SHB Jeff McGill 0-0: Ball
1-0: Called Strike
1-1: Ground out 3-1 (Groundball, 34)
Batting: RHB John Mason 0-0: Ball
1-0: Fly out, F9 (Line Drive, 9LM)
Batting: LHB António Costa 0-0: Called Strike
0-1: Ball
1-1: Ball
2-1: Ball
3-1: Base on Balls
Batting: RHB Júlio López 0-0: Ball
1-0: Ball
2-0: Called Strike
2-1: Ball
3-1: Fly out, F4 (Line Drive, 4)
Bottom of the 5th over - 0 run(s), 0 hit(s), 0 error(s), 1 left on base; Rutgers 1 - California 1
TOP OF THE 6TH
Rutgers Scarlet Knights batting - Pitching for California Golden Bears : RHP Pedro Hernández
Batting: SHB William Daly 0-0: Ball
1-0: Called Strike
1-1: Fly out, F8 (Flyball, 4MD)
Batting: LHB Bob Dunham 0-0: Ground out 1-3 (Groundball, 23)
Batting: RHB John Patterson 0-0: Fly out, F9 (Flyball, 9M)
Top of the 6th over - 0 run(s), 0 hit(s), 0 error(s), 0 left on base; Rutgers 1 - California 1
BOTTOM OF THE 6TH
California Golden Bears batting - Pitching for Rutgers Scarlet Knights : LHP Jason Simpson
Batting: LHB Sergio Fernández 0-0: Ground out 6-3 (Groundball, 6)
Batting: SHB Chris Woods 0-0: Ground out 6-3 (Groundball, 6)
Batting: RHB Albert Alemán 0-0: Foul Ball, location: 2F
0-1: Called Strike
0-2: Ball
1-2: Foul Ball, location: 2F
1-2: Ball
2-2: Ball
3-2: Base on Balls
Batting: RHB Dave Smith 0-0: Ball
1-0: Foul Ball, location: 2F
1-1: Swinging Strike
1-2: Strikes out swinging
Bottom of the 6th over - 0 run(s), 0 hit(s), 0 error(s), 1 left on base; Rutgers 1 - California 1
TOP OF THE 7TH
Rutgers Scarlet Knights batting - Pitching for California Golden Bears : RHP Pedro Hernández
Batting: RHB Darren Steele 0-0: Called Strike
0-1: Called Strike
0-2: Ground out 6-3 (Groundball, 6)
Batting: RHB Chris Vásquez 0-0: Ball
1-0: Foul Ball, location: 2F
1-1: Ball
2-1: Foul Ball, location: 2F
2-2: Ball
3-2: Strikes out swinging
Batting: RHB Dave Pierce 0-0: Swinging Strike
0-1: Called Strike
0-2: Strikes out swinging
Top of the 7th over - 0 run(s), 0 hit(s), 0 error(s), 0 left on base; Rutgers 1 - California 1
BOTTOM OF THE 7TH
California Golden Bears batting - Pitching for Rutgers Scarlet Knights : LHP Jason Simpson
Pitching: RHP Steve Poole
Batting: LHB Noah Gillespie 0-0: Called Strike
0-1: Ball
1-1: Foul Ball, location: 2F
1-2: Strikes out swinging
Batting: SHB Jeff McGill 0-0: Called Strike
0-1: Swinging Strike
0-2: Foul Ball, location: 2F
0-2: Foul Ball, location: 2F
0-2: Ball
1-2: Ball
2-2: Ground out 6-3 (Groundball, 6M)
Batting: RHB John Mason 0-0: Swinging Strike
0-1: Ball
1-1: SINGLE (Groundball, 6MD)
Batting: LHB António Costa 0-0: Foul Ball, location: 2F
0-1: Ball
1-1: Swinging Strike
1-2: Strikes out swinging
Bottom of the 7th over - 0 run(s), 1 hit(s), 0 error(s), 1 left on base; Rutgers 1 - California 1
TOP OF THE 8TH
Rutgers Scarlet Knights batting - Pitching for California Golden Bears : RHP Pedro Hernández
Pitching: RHP Ricardo Martínez
Batting: RHB Ed Ward 0-0: Swinging Strike
0-1: Ball
1-1: Called Strike
1-2: Strikes out looking
Batting: RHB Buddy Brown 0-0: Called Strike
0-1: Foul Ball, location: 2F
0-2: Ball
1-2: Strikes out swinging
Batting: RHB Jeremy Clark 0-0: Ball
1-0: Ball
2-0: Ball
3-0: Base on Balls
Batting: SHB William Daly 0-0: Called Strike
0-1: Swinging Strike
0-2: Ball
Jeremy Clark is caught stealing 2nd base
Top of the 8th over - 0 run(s), 0 hit(s), 0 error(s), 0 left on base; Rutgers 1 - California 1
BOTTOM OF THE 8TH
California Golden Bears batting - Pitching for Rutgers Scarlet Knights : RHP Steve Poole
Batting: RHB Júlio López 0-0: Called Strike
0-1: Foul Ball, location: 2F
0-2: Ball
1-2: Foul Ball, location: 2F
1-2: Ball
2-2: SINGLE (Line Drive, 8LS)
Batting: LHB Sergio Fernández 0-0: Called Strike
0-1: Ball
1-1: Ball
2-1: Ball
3-1: Base on Balls
Júlio López to second
Batting: SHB Chris Woods 0-0: Called Strike
0-1: Ball
1-1: SINGLE (Groundball, 34D)
Júlio López to third
Sergio Fernández to second
Runner from 3rd tries for Home, SAFE, throw made home
Batting: RHB Albert Alemán 0-0: Called Strike
0-1: Ball
1-1: DOUBLE (Flyball, 7D)
Sergio Fernández scores
Chris Woods to third
Batting: RHB Dave Smith 0-0: Intentional Walk
Pitching: RHP Geoff Jones
Pinch Hitting: RHB Richard Stroud 0-0: Ball
1-0: Called Strike
1-1: Foul Ball, location: 2F
1-2: Ball
2-2: Foul Ball, location: 2F
2-2: Foul Ball, location: 2F
2-2: Foul Ball, location: 2F
2-2: Ball
3-2: Foul Ball, location: 2F
3-2: Foul Ball, location: 2F
3-2: Grounds into fielders choice 6-2 (Groundball, 6M)
Albert Alemán to third
Dave Smith to second
Pinch Hitting: RHB Phil Garne 0-0: Ball
1-0: Called Strike
1-1: Ball
2-1: Ball
3-1: Base on Balls
Albert Alemán scores
Dave Smith to third
Richard Stroud to second
Batting: RHB John Mason 0-0: Ball
1-0: Ball
2-0: Foul Ball, location: 2F
2-1: Called Strike
2-2: GRAND SLAM HOME RUN (Flyball, 78XD), Distance : 364 ft
Batting: LHB António Costa 0-0: Ball
1-0: Called Strike
1-1: Swinging Strike
1-2: Ball
2-2: Ball
3-2: Foul Ball, location: 2F
3-2: Strikes out looking
Batting: RHB Júlio López 0-0: Called Strike
0-1: Swinging Strike
0-2: Ball
1-2: Ball
2-2: Foul Ball, location: 2F
2-2: SINGLE (Line Drive, 78M)
Batting: LHB Sergio Fernández 0-0: Ball
1-0: Swinging Strike
1-1: Ball
2-1: Called Strike
2-2: Foul Ball, location: 2F
2-2: Ball
3-2: Ground out 1-3 (Groundball, 13S)
Bottom of the 8th over - 7 run(s), 5 hit(s), 0 error(s), 1 left on base; Rutgers 1 - California 8
TOP OF THE 9TH
Rutgers Scarlet Knights batting - Pitching for California Golden Bears : RHP Ricardo Martínez
Now at SS: Pat Bray
Now in LF: Jeff West
Now in CF: Phil Garne
Batting: SHB William Daly 0-0: Ball
1-0: Foul Ball, location: 2F
1-1: Swinging Strike
1-2: Foul Ball, location: 2F
1-2: Strikes out looking
Batting: LHB Bob Dunham 0-0: Called Strike
0-1: Ball
1-1: SINGLE (Groundball, 34D)
Batting: RHB John Patterson 0-0: Fly out, F6 (Line Drive, 6D)
Batting: RHB Darren Steele 0-0: Called Strike
0-1: Ball
1-1: Ball
2-1: Fly out, F8 (Flyball, 8LS)
Top of the 9th over - 0 run(s), 1 hit(s), 0 error(s), 1 left on base; Rutgers 1 - California 8
This league is powered by Out of the Park Baseball, the baseball management simulation game for PC, Mac and Linux
Wednesday, December 2nd, 2015 - OOTP Baseball 16.8 Build 38